Map: Catalyseur EC

Players

Rewave - Winner!

  • Race: Terran Terran
  • League: Platinum
  • Spawn Location: 5:00

HoldTheDoor

  • Race: Protoss Protoss
  • League: Diamond
  • Spawn Location: 11:00

VOD

Have the link to the VOD?

Description

Time

  • Played on: July 5, 2018, 12:53 p.m.
  • Length: 13:23
Show
View Real Time Build Order
Export as new Build Order

Rewave Terran - Winner!

Build Orders: Cyclone Opening 

Get SALT Encoding   

  12  0:01  SCV  
  13  0:13  SCV  
  14  0:17  Supply Depot  
  14  0:25  SCV  
  15  0:32  Refinery  
  15  0:40  SCV  
  16  0:47  Barracks  
  16  0:52  SCV  
  17  1:04  SCV  
  17  1:09  Refinery  
  18  1:16  SCV  
  19  1:28  SCV  
  20  1:35  Factory  
  20  1:42  Barracks Reactor  
  20  1:45  Supply Depot  
  20  1:50  Orbital Command  
  20  2:15  SCV  
  21  2:25  Cyclone x2  
  27  2:31  Reaper  
  27  2:34  SCV  
  29  2:38  Supply Depot  
  29  2:46  SCV  
  30  3:00  Cyclone  
  33  3:09  Supply Depot  
  33  3:11  SCV  
  34  3:13  Barracks Tech Lab  
  34  3:16  Supply Depot  
  34  3:25  SCV  
  35  3:28  Cyclone  
  38  3:40  SCV  
  39  3:43  Command Center  
  38  4:07  Cyclone x2  
  41  4:11  Supply Depot  
  41  4:15  Marauder  
  43  4:25  Factory  
  43  4:27  SCV  
  44  4:35  Armory  
  44  4:39  Marauder  
  44  4:40  SCV  
  38  4:51  Widow Mine x2  
  42  4:54  Orbital Command  
  42  4:56  SCV  
  43  5:08  SCV  
  43  5:13  Factory Tech Lab  
  44  5:15  Cyclone  
  44  5:16  Widow Mine  
  44  5:21  SCV x2  
  50  5:25  Refinery  
  51  5:28  Refinery  
  51  5:31  Supply Depot  
  51  5:35  Siege Tank  
  54  5:39  SCV x2  
  56  5:51  SCV x2, Cyclone  
  61  6:02  Starport  
  61  6:03  SCV  
  62  6:08  SCV  
  63  6:15  SCV, Drilling Claws  
  64  6:20  SCV  
  65  6:28  SCV  
  65  6:30  Siege Tank  
  65  6:31  Cyclone  
  72  6:41  Starport Reactor  
  72  6:46  SCV x2, Supply Depot  
  74  6:52  Marauder  
  74  6:53  Cyclone  
  79  7:00  Liberator x2  
  79  7:08  SCV x2  
  81  7:14  Engineering Bay  
  81  7:21  SCV, Hellbat x2  
  81  7:22  SCV  
  93  7:30  Command Center  
  93  7:53  Supply Depot  
  93  7:54  Supply Depot  
  93  7:58  Supply Depot  
  93  7:59  Supply Depot  
  93  8:01  Missile Turret  
  93  8:04  SCV  
  94  8:15  SCV, Marauder, Siege Tank  
  94  8:16  Cyclone x2  
  106  8:30  Barracks  
  106  8:31  SCV x2  
  106  8:33  Barracks, Missile Turret  
  108  8:39  Marine  
  109  8:41  Medivac x2  
  109  8:43  Terran Infantry Weapons Level 1  
  109  8:46  Engineering Bay  
  113  8:53  Barracks  
  113  8:54  Barracks  
  113  8:55  Missile Turret  
  113  8:56  Marine  
  114  9:09  SCV  
  117  9:10  SCV  
  117  9:12  Planetary Fortress  
  116  9:35  SCV x2  
  118  9:39  Barracks Reactor  
  118  9:41  Combat Shields  
  118  9:44  Barracks Reactor  
  118  9:45  Barracks Reactor x2  
  118  9:47  SCV  
  118  9:50  Refinery x2  
  119  9:54  Missile Turret  
  116  10:04  Rapid Fire Launchers  
  116  10:08  Terran Infantry Armor Level 1  
  116  10:10  SCV x2  
  116  10:11  SCV, Viking x2  
  123  10:15  Marauder  
  123  10:17  Marine x2  
  127  10:23  SCV x2  
  127  10:24  SCV  
  130  10:50  Command Center  
  130  10:52  Marine x4  
  130  10:53  Marine x4  
  130  10:54  Marine  
  130  10:56  Widow Mine  
  141  11:00  Supply Depot x2  
  141  11:01  Supply Depot, Stimpack  
  141  11:03  Supply Depot  
  141  11:04  Terran Vehicle And Ship Armor Level 1  
  141  11:05  Supply Depot  
  141  11:06  Supply Depot  
  141  11:18  Missile Turret  
  141  11:21  Viking x2  
  141  11:22  Marauder, Widow Mine  
  149  11:30  Missile Turret  
  149  11:31  Missile Turret  
  146  12:02  Hi-Sec Auto Tracking  
  146  12:04  Marine x3  
  146  12:05  Marine x5  
  146  12:06  Marauder  
  156  12:20  Missile Turret  
  156  12:22  Marine x5  
  156  12:25  Thor  
  156  12:27  Medivac x2  
  156  12:28  Marauder  
  167  12:34  Starport  
  167  12:38  Planetary Fortress  
Show
View Real Time Build Order
Export as new Build Order

HoldTheDoor Protoss 

Build Orders:  

Get SALT Encoding   

  12  0:00  Probe  
  13  0:12  Probe  
  14  0:21  Pylon  
  14  0:25  Probe  
  15  0:37  Probe  
  15  0:40  Gateway  
  16  0:45  Assimilator, Probe  
  17  0:54  Probe  
  17  0:58  Assimilator  
  18  1:06  Probe  
  18  1:11  Gateway  
  19  1:18  Probe  
  20  1:28  Cybernetics Core  
  20  1:31  Pylon  
  20  1:34  Probe  
  21  1:46  Probe  
  22  1:56  Stalker x2  
  22  1:58  Probe  
  23  2:07  Warp Gate  
  27  2:12  Pylon  
  27  2:24  Stalker x2  
  31  2:30  Probe  
  32  2:45  Robotics Facility, Probe  
  33  3:11  Stalker  
  33  3:14  Shield Battery  
  33  3:16  Stalker  
  37  3:26  Pylon  
  37  3:43  Immortal  
  37  3:46  Pylon  
  40  4:09  Probe  
  41  4:13  Immortal  
  41  4:15  Pylon  
  45  4:25  Stalker x2  
  49  4:32  Gateway  
  43  4:48  Probe  
  44  4:57  Nexus  
  44  5:07  Probe  
  45  5:15  Observer  
  45  5:19  Probe  
  47  5:25  Pylon  
  47  5:26  Stalker x2  
  51  5:31  Sentry, Probe  
  54  5:40  Assimilator  
  54  5:44  Probe, Pylon  
  55  5:56  Immortal  
  59  5:58  Probe  
  60  6:10  Probe x2  
  62  6:11  Pylon  
  62  6:19  Stalker  
  62  6:22  Sentry  
  66  6:26  Stalker  
  68  6:43  Stargate  
  69  6:47  Probe x2  
  70  6:58  Forge  
  70  6:59  Probe  
  70  7:00  Forge, Immortal  
  71  7:08  Probe x2  
  75  7:15  Protoss Ground Weapons Level 1  
  77  7:16  Protoss Ground Armor Level 1, Probe  
  78  7:27  Pylon  
  78  7:41  Probe  
  78  7:42  Probe  
  79  7:52  Observer  
  79  7:55  Probe x2  
  82  8:08  Assimilator  
  82  8:11  Probe x2  
  84  8:13  Nexus  
  84  8:15  Void Ray  
  84  8:16  Pylon  
  84  8:18  Pylon  
  88  8:23  Immortal  
  92  8:31  Twilight Council  
  92  8:34  Probe x2  
  94  8:46  Probe  
  95  8:49  Zealot x2  
  95  8:50  Pylon  
  95  8:52  Zealot  
  101  8:59  Protoss Shields Level 1  
  101  9:08  Charge  
  93  9:23  Stalker x3  
  94  9:48  Stalker  
  94  9:49  Stalker  
  98  9:58  Probe x3  
  101  10:09  Probe  
  101  10:10  Protoss Ground Armor Level 2, Probe x2  
  104  10:16  Protoss Air Armor Level 1  
  104  10:17  Probe  
  104  10:22  Probe x2  
  104  10:25  Void Ray  
  111  10:34  Probe  
  112  10:38  Probe  
  112  10:39  Probe  
  114  10:46  Assimilator  
  114  10:48  Assimilator  
  114  10:52  Pylon  
  114  10:53  Probe x2  
  114  10:56  Probe  
  117  11:09  Templar Archives  
  117  11:11  Void Ray  
  121  11:22  Probe  
  122  11:31  Probe  
  122  11:32  Probe  
  124  11:35  Zealot x3  
  109  12:03  Stalker x3  
  112  12:18  Probe x3  
  115  12:22  Phoenix  
  115  12:30  Probe x3  
  120  12:42  Stalker x2, Probe x2  
  120  12:43  Stalker  
  133  12:51  Probe  
Tags
 
Add a new tag
Caveats
  • Supply blocks, unpowered buildings, or Contaminate may cause inaccurate times.
  • Supply counts are checked every 10 seconds.